 Dungeon Crawl Stone Soup version 0.31-a0-986-g5e6e4ef867 (webtiles) character file.

Game seed: 11723725130731857033

6549 promet the Cleaver (level 11, -1/100 HPs)
             Began as a Hill Orc Fighter on Nov 3, 2023.
             Was a Priest of Uskayaw.
             Slain by a killer bee (5 damage)
             ... on level 9 of the Dungeon.
             The game lasted 01:07:24 (14406 turns).

promet the Cleaver (Hill Orc Fighter)              Turns: 14406, Time: 01:07:25

Health: -1/100     AC: 24    Str: 24    XL:     11   Next: 1%
Magic:  11/11      EV:  9    Int:  8    God:    Uskayaw [***...]
Gold:   582        SH:  0    Dex:  6    Spells: 8/10 levels left

rFire   + . .        a - +0 battleaxe
rCold   . . .        (shield currently unavailable)
rNeg    . . .        t - +0 chain mail
rPois   .            m - +4 hat "Fecithr Hast" {rF+ Dex-4 SInv}
rElec   .            d - +0 cloak
rCorr   .            (no gloves)
SInv    +            (no boots)
Will    .....        (no amulet) Stlth
                     i - +4 ring of protection
HPRegen 0.36/turn    e - +4 ring of protection
MPRegen 0.12/turn

%: no passive effects
@: invisible
A: no striking features
a: Renounce Religion, Stomp, Line Pass


You were on level 9 of the Dungeon.
You worshipped Uskayaw.
Uskayaw was noncommittal.
You visited 2 branches of the dungeon, and saw 10 of its levels.

You collected 705 gold pieces.
You spent 123 gold pieces at shops.

Inventory:

Hand Weapons
 a - a +0 battleaxe (weapon)
 b - a +2 sling of draining
 g - a +1 trident of freezing
 o - a +2 short sword of freezing
 s - a +0 war axe of freezing
 z - a +0 glaive
 A - a +4 falchion
 D - a +0 shortbow of flaming
 E - a +0 dire flail of protection
Missiles
 f - 68 stones
 j - 13 boomerangs
 p - 9 poisoned darts (quivered)
 u - 4 atropa-tipped darts
Armour
 c - a +1 buckler
 d - a +0 cloak (worn)
 m - the +4 hat "Fecithr Hast" (worn) {rF+ Dex-4 SInv}
   (You acquired it on level 7 of the Dungeon)

   Dex-4:     It affects your dexterity (-4).
   rF+:       It protects you from fire.
   SInv:      It lets you see invisible.
 t - a +0 chain mail (worn)
 w - +1 steam dragon scales
Jewellery
 e - a +4 ring of protection (right hand)
 i - a +4 ring of protection (left hand)
 k - a +6 ring of intelligence
Wands
 q - a wand of flame (25)
 y - a wand of charming (2)
Scrolls
 l - a scroll of teleportation
 v - a scroll of vulnerability
 B - a scroll of fog
Potions
 h - a potion of enlightenment
 r - 2 potions of attraction
 G - a potion of magic


   Skills:
 * Level 10.2 Fighting
 + Level 3.1 Long Blades
 + Level 11.7 Axes
 + Level 5.0 Ranged Weapons
 + Level 1.6 Throwing
 + Level 8.9 Armour
 + Level 2.9 Dodging
 + Level 1.7 Stealth
 + Level 4.1 Shields
 + Level 0.1 Evocations


You had 8 spell levels left.
You knew the following spells:

 Your Spells              Type           Power      Damage    Failure   Level
a - Blink                 Tloc           0%         N/A       96%         2

Your spell library contained the following spells:

 Spells                   Type           Power      Damage    Failure   Level
 Lesser Beckoning         Tloc           0%         N/A       96%         2
 Momentum Strike          Conj/Tloc      0%         3d8       96%         2
 Sublimation of Blood     Necr           0%         N/A       96%         2
 Wereblood                Tmut           0%         N/A       96%         2
 Call Canine Familiar     Summ           0%         N/A       99%         3
 Frozen Ramparts          Ice            0%         1d1       99%         3
 Gell's Gravitas          Tloc           0%         N/A       99%         3
 Inner Flame              Hex/Fire       0%         N/A       99%         3
 Sigil of Binding         Hex            0%         N/A       99%         3
 Teleport Other           Tloc           0%         N/A       99%         3
 Dimensional Bullseye     Hex/Tloc       0%         N/A       100%        4
 Leda's Liquefaction      Hex/Erth       0%         N/A       100%        4
 Petrify                  Tmut/Erth      0%         N/A       100%        4
 Irradiate                Conj/Tmut      0%         3d11      100%        5
 Metabolic Englaciation   Hex/Ice        0%         N/A       100%        5
 Yara's Violent Unravell  Hex/Tmut       0%         3d3       100%        5
 Dispersal                Tloc           0%         N/A       100%        6
 Enfeeble                 Hex            0%         N/A       100%        7


Dungeon Overview and Level Annotations

Branches:
Dungeon (9/15)             Temple (1/1) D:7
   Lair: D:8-11         Orc: D:9-12

Altars:
Ashenzari
Cheibriados
Dithmenos
Elyvilon
Gozag
Kikubaaqudgha
Makhleb
Nemelex Xobeh
Okawaru
Qazlal
Ru
Sif Muna
Trog
Uskayaw
Vehumet
Wu Jian
Xom
Yredelemnul
Zin
The Shining One

Shops:
D:4 *

Annotations:
D:7 Jeremiah


Message History

The two-headed ogre is severely wounded.
The two-headed ogre hits you with a +0 giant club!
* * * LOW HITPOINT WARNING * * *
The two-headed ogre hits you but does no damage.
You feel better.
The two-headed ogre hits you with a +0 giant club.
* * * LOW HITPOINT WARNING * * *
The two-headed ogre barely misses you.
You slash the two-headed ogre!
The two-headed ogre is almost dead.
The orc warrior hits you but does no damage.
The two-headed ogre hits you with a +0 giant club!!
* * * LOW HITPOINT WARNING * * *
The two-headed ogre hits you but does no damage.
Uskayaw will force your foes to helplessly watch your dance.
Uskayaw prepares the audience for your solo!
The helpless two-headed ogre fails to defend itself.
You slice the two-headed ogre!!
You kill the two-headed ogre!
Uskayaw prepares the audience for your solo!
Your Fighting skill increases to level 10!
You have reached level 11!
As you read the scroll of teleportation, it crumbles to dust.
You feel strangely unstable.
The orc warrior is no longer paralysed.
Your surroundings suddenly seem different. 6 killer bees come into view.
Found a quarterstaff.
Found a stone staircase leading down.
The killer bee buzzes angrily. x5; You hear a shout!
You hear an angry hiss.
The killer bee stings you but does no damage.
The killer bee barely misses you. The killer bee stings you.
* * * LOW HITPOINT WARNING * * *
The killer bee barely misses you. The killer bee closely misses you.
The killer bee barely misses you.
The killer bee stings you but does no damage.
It was a potion of invisibility.
You fade into invisibility!
The killer bee closely misses you. x2; The killer bee stings you.
You die...

..... .....
.....##########.
.......)........
................
................
......yyy.......
.......@yy.y....
................
################


You could see 6 killer bees.

Vanquished Creatures
  A boulder beetle (D:6)
  2 two-headed ogres
  A troll (D:6)
  Eustachio (D:5)
  3 yaks (D:9)
  3 steam dragons
  Menkaure (D:7)
  An acid dragon (D:9)
  A water moccasin (D:5)
  2 orc warriors
  2 black bears
  2 sky beasts (D:8)
  3 ogres
  4 centaurs
  2 kobold brigands (D:9)
  3 bullfrogs
  A scorpion (D:5)
  A gnoll sergeant (D:7)
  3 wights (D:8)
  6 killer bees
  4 howler monkeys
  3 hounds
  7 orc priests
  Crazy Yiuf (D:4)
  2 gnoll boudas (D:5)
  2 jellies
  7 orc wizards
  A sleepcap (D:6)
  5 iguanas
  13 gnolls
  5 adders
  A shadow imp (D:6)
  A white imp (D:8)
  2 ufetubi (D:7)
  A worm (D:2)
  A dart slug (D:2)
  34 orcs
  6 ball pythons
  3 bat skeletons (D:6)
  4 bat zombies (D:6)
  7 endoplasms
  5 giant cockroaches
  9 goblins
  11 hobgoblins
  4 jackals
  9 kobolds
  6 quokkas
  5 bats
  A frilled lizard (D:1)
  9 rats
212 creatures vanquished.

Vanquished Creatures (others)
  2 killer bees (D:8)
  A howler monkey (D:7)
3 creatures vanquished.

Grand Total: 215 creatures vanquished

Notes
Turn   | Place    | Note
-------+----------+-------------------------------------------
     0 | D:1      | promet the Hill Orc Fighter began the quest for the Orb.
     0 | D:1      | Reached XP level 1. HP: 19/19 MP: 1/1
    68 | D:1      | Reached XP level 2. HP: 21/27 MP: 2/2
   251 | D:1      | Found a faded altar of an unknown god.
   310 | D:1      | Reached XP level 3. HP: 33/33 MP: 3/3
   418 | D:1      | Reached skill level 3 in Axes
  1444 | D:2      | Reached XP level 4. HP: 40/40 MP: 4/4
  1954 | D:3      | Noticed an ogre
  1984 | D:3      | Killed an ogre
  1985 | D:3      | Reached skill level 4 in Axes
  1985 | D:3      | Reached XP level 5. HP: 47/47 MP: 5/5
  2114 | D:3      | Reached skill level 1 in Dodging
  3466 | D:4      | Found Suiwn's General Store.
  3475 | D:4      | Bought a scroll of brand weapon for 123 gold pieces
  3496 | D:4      | Learned a level 2 spell: Blink
  3533 | D:4      | Reached skill level 1 in Long Blades
  3543 | D:4      | Reached skill level 5 in Axes
  3643 | D:4      | Reached XP level 6. HP: 53/53 MP: 6/6
  3684 | D:4      | Found a runed translucent door.
  3685 | D:4      | Noticed Crazy Yiuf
  4484 | D:4      | Killed Crazy Yiuf
  4485 | D:4      | Reached skill level 5 in Fighting
  4572 | D:5      | Entered Level 5 of the Dungeon
  4614 | D:5      | Reached skill level 1 in Ranged Weapons
  4748 | D:5      | Reached XP level 7. HP: 55/61 MP: 7/7
  4969 | D:5      | Noticed Eustachio
  5005 | D:5      | Killed Eustachio
  5052 | D:5      | Reached skill level 6 in Axes
  5810 | D:5      | Reached XP level 8. HP: 48/70 MP: 8/8
  6118 | D:5      | Reached skill level 5 in Armour
  6802 | D:5      | Reached skill level 7 in Axes
  7252 | D:6      | Noticed a two-headed ogre
  7807 | D:6      | Noticed a troll
  7833 | D:6      | Killed a troll
  7834 | D:6      | Reached XP level 9. HP: 16/79 MP: 9/9
  8200 | D:6      | Killed a two-headed ogre
  8201 | D:6      | Reached skill level 8 in Axes
  8201 | D:6      | Reached skill level 1 in Throwing
  8699 | D:6      | Found an ancient bone altar of Kikubaaqudgha.
  8859 | D:7      | Noticed a boulder beetle
  9020 | D:7      | Noticed Menkaure
  9627 | D:7      | Identified a scroll of acquirement
  9627 | D:7      | Acquired the +4 hat "Fecithr Hast" {rF+ Dex-4 SInv}
  9958 | D:6      | Killed a boulder beetle
  9959 | D:6      | Reached skill level 9 in Axes
 10247 | D:7      | Identified the +1 robe "Harphis Edatz" {Str+4 Dex+3 Stlth+}
 10249 | D:7      | Reached XP level 10. HP: 79/90 MP: 10/10
 10268 | D:7      | Found a staircase to the Ecumenical Temple.
 10559 | D:7      | Noticed Jeremiah
 10948 | D:7      | Killed Menkaure
 11381 | D:7      | Reached skill level 10 in Axes
 11555 | Temple   | Entered the Ecumenical Temple
 11564 | Temple   | Became a worshipper of Uskayaw the Reveller
 11649 | D:7      | Reached * piety under Uskayaw
 11653 | D:7      | Reached ** piety under Uskayaw
 12441 | D:8      | Found a glowing silver altar of Zin.
 12459 | D:8      | Reached *** piety under Uskayaw
 13288 | D:8      | Reached skill level 5 in Ranged Weapons
 13357 | D:8      | Found a shimmering altar of Xom.
 13671 | D:8      | Found a shimmering blue altar of Sif Muna.
 13672 | D:8      | Found a basalt altar of Yredelemnul.
 13675 | D:8      | Found an ornate altar of the Wu Jian Council.
 13956 | D:9      | Identified the "Odajav"
 13997 | D:9      | Reached skill level 11 in Axes
 14000 | D:9      | Reached **** piety under Uskayaw
 14007 | D:9      | Reached ***** piety under Uskayaw
 14010 | D:9      | Reached skill level 1 in Stealth
 14375 | D:9      | Noticed a two-headed ogre
 14378 | D:9      | Noticed a deep elf pyromancer
 14399 | D:9      | Killed a two-headed ogre
 14400 | D:9      | Reached skill level 10 in Fighting
 14400 | D:9      | Reached XP level 11. HP: 6/100 MP: 11/11
 14405 | D:9      | HP: 4/100 [killer bee (4)]
 14406 | D:9      | Slain by a killer bee

Illustrated notes

Levels and vault maps discovered:
D:1:      minmay_arrival_glassed_features, layout_basic,
          chequers_ecumenical_altar_simple
D:2:      minmay_angry_zag, layout_loops_cross
D:3:      layout_loops_corners, due_unseen_surprise
D:4:      layout_basic, serial_shops, shop, uniq_crazy_yiuf_cottage
D:5:      layout_loops_cross, serial_rivers, chequers_serial_rivers_small_a,
          chequers_serial_rivers_micro_a, chequers_serial_rivers_small_a,
          chequers_serial_rivers_micro_d, chequers_serial_rivers_small_b,
          uniq_eustachio
D:6:      layout_basic, kennysheep_vampire_church, nicolae_the_louvre
D:7:      layout_basic, temple_statues, uniq_menkaure, uniq_jeremiah
D:8:      layout_loops_ring, mainiacjoe_overflow_concentric_impassable,
          minitemple, hangedman_decor_slide_cut, kennysheep_generic_room_6
D:9:      minmay_the_grid_3x3 [minmay_the_grid_dragon_b,
          minmay_the_grid_gridbox, minmay_the_grid_mess, minmay_the_grid_slots,
          minmay_the_grid_spin_star, minmay_the_grid_minigrid_small_alt,
          minmay_the_grid_minigrid_small, minmay_the_grid_aliased_spiral,
          minmay_the_grid_prize_trominoes], layout_irregular_city,
          fedhas_altar_4, mainiacjoe_overflow_surrounded_room, orc_0_dummy
Temple:   eino_narrow_crystal_temple

Skill      XL: |  1  2  3  4  5  6  7  8  9 10 |
---------------+-------------------------------+-----
Fighting       | 4 5 7 8 10 | 10.2
Axes           | 3 4 5 6 7 9 11 | 11.7
Armour         | 4 6 8 |  8.9
Dodging        | 1 2 |  2.9
Long Blades    | 1 2 3 |  3.1
Shields        | 4 |  4.1
Ranged Weapons | 1 2 4 5 |  5.0
Throwing       | 1 |  1.6
Stealth        | 1 |  1.7
Evocations     | |  0.1

Action                     |  1- 3 |  4- 6 |  7- 9 | 10-12 || total
---------------------------+-------+-------+-------+-------++-------
  Melee: War axe           |   120 |    72 |    56 |    29 ||   277
         Falchion          |       |    67 |       |    10 ||    77
         Battleaxe         |       |     4 |   170 |   163 ||   337
   Fire: Sling             |    17 |    27 |    95 |   101 ||   240
  Throw: Dart              |       |     3 |    19 |     4 ||    26
  Evoke: Wand              |       |       |       |     8 ||     8
    Use: Scroll            |     3 |     9 |     4 |    10 ||    26
         Potion            |       |     2 |     6 |     5 ||    13
   Stab: Invisible         |       |       |     1 |       ||     1
         Paralysed         |       |       |       |     6 ||     6
 Armour: Scale mail        |    92 |    44 |       |       ||   136
         Chain mail        |       |    54 |   390 |   300 ||   744
  Dodge: Dodged            |    69 |    58 |   179 |   158 ||   464
  Block: Buckler           |    36 |    25 |       |       ||    61

Table legend: (Time is in decaauts)
 A = Elapsed time spent in this place.
 B = Non-inter-level travel time spent in this place.
 C = Inter-level travel time spent in this place.
 D = Time resting spent in this place.
 E = Time spent auto-exploring this place.
 F = Levels seen in this place.
 G = Mean time per level.
                   A        B        C        D        E       F      G
               +--------+--------+--------+--------+--------+-----+--------+
         Total |  14624 |  13990 |    634 |   5359 |   3322 |  10 | 1462.4 |
       Dungeon |  14606 |  13972 |    634 |   5359 |   3322 |   9 | 1622.9 |
        Temple |     17 |     17 |      0 |      0 |      0 |   1 |   17.0 |
               +--------+--------+--------+--------+--------+-----+--------+

Top non-repeatable levels by time:
     D:6: 3270 daAuts
     D:5: 2579 daAuts
     D:8: 1813 daAuts
     D:7: 1759 daAuts
     D:4: 1448 daAuts
     D:3: 1296 daAuts
     D:2: 1030 daAuts
     D:1: 945 daAuts
     D:9: 463 daAuts
  Temple: 17 daAuts
